 Dungeon Crawl Stone Soup version 0.31-a0-233-g139696dc86 (webtiles) character file.

Game seed: 3116783086331793041

172 qw the Shooter (level 5, 0/45 HPs)
             Began as a Minotaur Hexslinger on July 9, 2023.
             Slain by a gnoll
             ... wielding a +0 spear
             ... led by a gnoll bouda
              (3 damage)
             ... on level 3 of the Dungeon.
             The game lasted 00:00:51 (2006 turns).

qw the Shooter (Minotaur Hexslinger)                Turns: 2006, Time: 00:00:52

Health: 0/45       AC:  9    Str: 12    XL:     5   Next: 27%
Magic:  5/5        EV: 11    Int: 10    God:
Gold:   124        SH:  0    Dex: 15    Spells: 5/6 levels left

rFire   . . .        Y - +1 sling
rCold   . . .        (no shield)
rNeg    . . .        j - +0 ring mail
rPois   .            (helmet restricted)
rElec   .            (no cloak)
rCorr   .            f - +1 pair of gloves
SInv    .            l - +1 pair of boots
Will    .....        (no amulet)
Stlth   +            (no ring)
HPRegen 0.27/turn    (no ring)
MPRegen 0.09/turn

%: no passive effects
@: weakened
A: horns 2, retaliatory headbutt
a: no special abilities


You were on level 3 of the Dungeon.
You visited 1 branch of the dungeon, and saw 4 of its levels.

You collected 124 gold pieces.


Innate Abilities, Weirdness & Mutations

You have a pair of horns on your head.
You reflexively headbutt those who attack you in melee.


   Skills:
 - Level 3.1 Fighting
 + Level 5.3 Ranged Weapons
 - Level 1.0 Armour
 - Level 2.1 Dodging
 - Level 1.0 Spellcasting
 - Level 2.0 Hexes


You had 5 spell levels left.
You knew the following spells:

 Your Spells              Type           Power      Damage    Failure   Level
a - Slow                  Hex            16%        N/A       34%         1

Your spell library contained the following spells:

 Spells                   Type           Power      Damage    Failure   Level
 Inner Flame              Hex/Fire       2%         N/A       83%         3
 Portal Projectile        Hex/Tloc       4%         N/A       83%         3
 Cause Fear               Hex            2%         N/A       98%         4

Inventory:

Hand Weapons
 Y - a +1 sling (weapon)
Armour
 f - a +1 pair of gloves (worn)
 j - a +0 ring mail (worn)
 l - a +1 pair of boots (worn)
Scrolls
 b - a scroll of identify
Potions
 c - a potion of might
 d - a potion of enlightenment
 g - a potion of lignification {unknown}
 h - a potion of magic {unknown}
 i - a potion of mutation {unknown}
 k - a potion of cancellation {unknown}
 m - a potion of brilliance {unknown}
 n - a potion of degeneration {unknown}

Dungeon Overview and Level Annotations

Branches:
Dungeon (4/15)
 Temple: D:4-7

Altars:


Message History

The sling bullet completely misses the gnoll bouda.
The sling bullet hits the gnoll but does no damage.
The gnoll bouda barely misses you. The gnoll barely misses you.
The gnoll hits you from afar with a +0 spear.
The gnoll bouda barely misses you. You furiously retaliate!
You headbutt the gnoll bouda, but do no damage.
You shoot a sling bullet.
The sling bullet hits the gnoll bouda but does no damage.
The gnoll bouda is lightly wounded.
The gnoll barely misses you. The gnoll closely misses you.
The gnoll bouda hits you with a +0 whip.
The gnoll hits you from afar with a +0 spear.
The gnoll barely misses you.
You shoot a sling bullet. The sling bullet hits the gnoll bouda.
The gnoll bouda is moderately wounded.
The gnoll bouda closely misses you.
The gnoll hits you from afar with a +0 spear.
The gnoll completely misses you.
You shoot a sling bullet. The sling bullet hits the gnoll bouda.
The gnoll bouda is moderately wounded.
The gnoll bouda gazes fiercely through you!
You feel as though you will be weak longer.
The gnoll barely misses you. The gnoll hits you but does no damage.
You shoot a sling bullet.
The sling bullet closely misses the gnoll bouda.
The gnoll is no longer moving quickly.
The gnoll bouda barks out a call to the hunt!
The gnoll picks up the pace!
The gnoll hits you but does no damage.
The gnoll hits you from afar with a +0 spear.
The gnoll bouda hits you with a +0 whip!
You shoot a sling bullet.
The sling bullet hits the gnoll bouda but does no damage.
The gnoll bouda is moderately wounded.
The gnoll hits you from afar with a +0 spear! x2
The gnoll bouda gazes fiercely through you!
You feel as though you will be weak longer.
The gnoll bouda barely misses you.
The gnoll hits you from afar with a +0 spear.
You die...

########### #..>.......
...... #.#...##### .....
#.###.# #.... #####g# #.#
#.... #.gg.@# #.# #....
#+gg### .. #####....
....... #. #........
....P.P... #.###........
....g..P..###..##........
..P...PP.........########
...ggg.........#..#######
.......P.......##........
P.......##########


You could see a gnoll bouda, 3 gnolls and a goblin.

Vanquished Creatures
  An iguana (D:4)
  A sleepcap (D:4)
  A gnoll (D:3)
  4 adders
  3 worms (D:2)
  A dart slug (D:1)
  An orc (D:3)
  2 ball pythons
  4 bats
  5 endoplasms
  A giant cockroach (D:2)
  8 goblins
  5 hobgoblins
  5 jackals
  3 quokkas
  2 frilled lizards (D:1)
  7 kobolds
  4 rats (D:1)
58 creatures vanquished.

Notes
Turn   | Place    | Note
-------+----------+-------------------------------------------
     0 | D:1      | qw the Minotaur Hexslinger began the quest for the Orb.
     0 | D:1      | Reached XP level 1. HP: 16/16 MP: 1/1
     0 | D:1      | 0 ||| qw: Version: 0.3-a-51-g015441d
     0 | D:1      | 0 ||| qw: Game counter: 4019
     0 | D:1      | 0 ||| qw: Melee chars always use a shield: true
     0 | D:1      | 0 ||| qw: God list: Okawaru
     0 | D:1      | 0 ||| qw: Allow faded altars: false
     0 | D:1      | 0 ||| qw: Do Orc after clearing Dungeon:15 true
     0 | D:1      | 0 ||| qw: Do second Lair branch before Depths: true
     0 | D:1      | 0 ||| qw: Lair rune preference: random
     0 | D:1      | 0 ||| qw: Goals: Normal
     0 | D:1      | 0 ||| PLANNING D:1-11
   135 | D:1      | Reached skill level 3 in Ranged Weapons
   135 | D:1      | Reached XP level 2. HP: 23/23 MP: 2/2
   522 | D:1      | Reached XP level 3. HP: 29/29 MP: 3/3
   566 | D:1      | 566 ||| READING scroll labelled EJOUS CIONU.
   567 | D:1      | 567 ||| READING scroll labelled VUC SETZEDWIRCH.
   619 | D:1      | 619 ||| READING scroll labelled DOOGAKEPEH.
   620 | D:1      | 620 ||| DROPPING scroll of poison.
   644 | D:2      | Found a faded altar of an unknown god.
   881 | D:2      | Reached skill level 4 in Ranged Weapons
  1012 | D:2      | Reached XP level 4. HP: 24/36 MP: 4/4
  1134 | D:2      | 1134 ||| FLEEEEING.
  1138 | D:2      | 1138 ||| FLEEEEING.
  1139 | D:2      | 1139 ||| FLEEEEING.
  1140 | D:2      | 1140 ||| FLEEEEING.
  1141 | D:2      | 1141 ||| FLEEEEING.
  1142 | D:2      | 1142 ||| FLEEEEING.
  1143 | D:2      | 1143 ||| FLEEEEING.
  1144 | D:2      | 1144 ||| FLEEEEING.
  1145 | D:2      | 1145 ||| FLEEEEING.
  1367 | D:2      | 1367 ||| UPGRADING to +0 ring mail.
  1377 | D:2      | 1377 ||| DROPPING +0 robe.
  1378 | D:2      | 1378 ||| UPGRADING to +0 pair of boots.
  1383 | D:2      | 1383 ||| READING scroll of enchant armour.
  1383 | D:2      | 1383 ||| ENCHANTING +0 pair of boots.
  1384 | D:2      | 1384 ||| DROPPING ring of magical power.
  1385 | D:2      | 1385 ||| READING scroll labelled SIN WOTELU.
  1386 | D:2      | 1386 ||| READING scroll labelled WISCHU KIDOBBOS.
  1387 | D:2      | 1387 ||| DRINKING 2 puce potions.
  1452 | D:3      | Reached skill level 1 in Armour
  1556 | D:3      | You fall into a shaft and drop 1 floor!
  1658 | D:4      | Reached skill level 5 in Ranged Weapons
  1895 | D:4      | 1895 ||| UPGRADING to +1 pair of gloves.
  1900 | D:4      | 1900 ||| READING scroll labelled AXUCYI VEINI.
  1901 | D:4      | 1901 ||| DRINKING 2 glowing cyan potions.
  1902 | D:4      | 1902 ||| READING 2 scrolls of identify.
  1902 | D:4      | 1902 ||| IDENTIFYING murky pink potion
  1903 | D:4      | 1903 ||| DROPPING potion of attraction.
  1920 | D:4      | Reached XP level 5. HP: 27/44 MP: 5/5
  1991 | D:3      | 1991 ||| Stepping ~*~*~tactically~*~*~ (outnumbered).
  1993 | D:3      | 1993 ||| Stepping ~*~*~tactically~*~*~ (outnumbered).
  2000 | D:3      | Reached skill level 3 in Fighting
  2006 | D:3      | HP: 10/45 [gnoll/+0 spear[a gnoll bouda] (7)]
  2006 | D:3      | HP: 3/45 [gnoll/+0 spear[a gnoll bouda] (7)]
  2006 | D:3      | Slain by a gnoll

Levels and vault maps discovered:
D:1:      dpeg_arrival_erosion, layout_loops_cross
D:2:      layout_basic, hellmonk_ecumenical_altar_crossroads
D:3:      layout_basic, nicolae_grassy_gnolls
D:4:      layout_layer_cave, uniq_sigmund

Skill      XL: |  1  2  3  4  5 |
---------------+----------------+-----
Ranged Weapons | 3 4 5 |  5.3
Fighting       | 2 3 |  3.1
Armour         | 1 |  1.0
Dodging        | |  2.1
Spellcasting   | |  1.0
Hexes          | |  2.0

Action                     |  1- 3 |  4- 6 || total
---------------------------+-------+-------++-------
   Fire: Sling             |   104 |    87 ||   191
    Use: Scroll            |     3 |     5 ||     8
         Potion            |       |     2 ||     2
 Armour: Robe              |     9 |       ||     9
         Ring mail         |       |    14 ||    14
  Dodge: Dodged            |    23 |    38 ||    61

Table legend:
 A = Non-vault XP
 B = Vault XP
 C = Vault XP percentage of total XP
 D = Non-vault monster count
 E = Vault monster count
 F = Vault count percentage of total count
                 A         B        C        D         E       F
            +---------+---------+-------+---------+---------+-------
      Total |     233 |      14 |   5.7 |      57 |       1 |   1.7
            +---------+---------+-------+---------+---------+-------
        D:1 |      43 |       0 |   0.0 |      24 |       0 |   0.0
        D:2 |      81 |       0 |   0.0 |      20 |       0 |   0.0
        D:3 |      22 |      14 |  38.9 |       5 |       1 |  16.7
        D:4 |      87 |       0 |   0.0 |       8 |       0 |   0.0
            +---------+---------+-------+---------+---------+-------
